[Event "*** Titled Tuesday Blitz"]
[Site "Chess.com"]
[Date "2020.03.03"]
[Round "3"]
[White "VFernandezB"]
[Black "Zq1"]
[Result "0-1"]
[WhiteElo "2280"]
[BlackElo "2574"]
[TimeControl "180+1"]
[EndTime "13:26:07 PST"]
[Termination "Zq1 won by resignation"]

1. d4 d5 2. c4 e6 3. Nc3 Be7 4. Nf3 Nf6 5. cxd5 exd5 6. Bf4 O-O 7. e3 c6 8. Bd3 Nbd7 9. O-O Re8 10. h3 Nf8 11. Rb1 Ng6 12. Bh2 Bd6 13. Bxd6 Qxd6 14. b4 a6 15. a4 b5 16. axb5 axb5 17. Re1 Ne4 18. Bxe4 dxe4 19. Nd2 f5 20. Nb3 Be6 21. Nc5 Bc4 22. Ra1 Rxa1 23. Qxa1 Nh4 24. Qa7 Qg6 0-1

[Event "*** Titled Tuesday Blitz"]
[Site "Chess.com"]
[Date "2020.03.03"]
[Round "3"]
[White "mrkvoz"]
[Black "MiroVlasenko"]
[Result "1-0"]
[WhiteElo "2823"]
[BlackElo "2644"]
[TimeControl "180+1"]
[EndTime "13:26:22 PST"]
[Termination "mrkvoz won by resignation"]

1. e4 Nc6 2. Nf3 d6 3. d4 Nf6 4. Nc3 g6 5. h3 Bg7 6. Be3 O-O 7. Qd2 a6 8. d5 Nb8 9. Bh6 b5 10. a3 c6 11. g4 cxd5 12. exd5 Bb7 13. O-O-O Nbd7 14. Bxg7 Kxg7 15. h4 h5 16. gxh5 Nxh5 17. Rg1 Rc8 18. Bd3 Ndf6 19. Qg5 Rh8 20. Bxg6 Rxc3 21. Bxh5+ 1-0

[Event "*** Titled Tuesday Blitz"]
[Site "Chess.com"]
[Date "2020.03.03"]
[Round "3"]
[White "Mbneu"]
[Black "Mikhail_Golubev"]
[Result "0-1"]
[WhiteElo "2218"]
[BlackElo "2505"]
[TimeControl "180+1"]
[EndTime "13:26:25 PST"]
[Termination "Mikhail_Golubev won by resignation"]

1. d4 Nf6 2. c4 g6 3. Nc3 Bg7 4. e4 d6 5. f4 O-O 6. Nf3 c5 7. d5 e6 8. Be2 exd5 9. cxd5 b5 10. e5 dxe5 11. fxe5 Ng4 12. Bf4 Nd7 13. e6 fxe6 14.
Bd6 Re8 15. dxe6 Rxe6 16. Qd5 Nb6 0-1

[Event "*** Titled Tuesday Blitz"]
[Site "Chess.com"]
[Date "2020.03.03"]
[Round "3"]
[White "Astaneh"]
[Black "davigator"]
[Result "0-1"]
[WhiteElo "2565"]
[BlackElo "2304"]
[TimeControl "180+1"]
[EndTime "13:26:31 PST"]
[Termination "davigator won by resignation"]

1. Nf3 d5 2. c4 c6 3. cxd5 cxd5 4. e3 Nc6 5. b3 e5 6. Bb2 Bd6 7. Bb5 Qe7 8. Nc3 Nf6 9. Rc1 O-O 10. O-O Bd7 11. d3 a6 12. Bxc6 Bxc6 13. Re1 Rfd8 14.
Ne2 Rac8 15. Ng3 g6 16. d4 e4 17. Ne5 Bb5 18. Rxc8 Rxc8 19. f3 exf3 20. gxf3 Nd7 21. f4 Nf6 22. f5 Bd7 23. fxg6 hxg6 24. Rf1 Be6 25. Bc1 Bxe5 26. dxe5 Ng4 27. e4 Qh4 28.
Qe2 d4 29. Qg2 d3 30. Nf5 gxf5 31. exf5 Rc2 32. Bd2 Bd5 0-1

[Event "*** Titled Tuesday Blitz"]
[Site "Chess.com"]
[Date "2020.03.03"]
[Round "3"]
[White "Babas"]
[Black "Rhinos1"]
[Result "0-1"]
[WhiteElo "2352"]
[BlackElo "2175"]
[TimeControl "180+1"]
[EndTime "13:26:32 PST"]
[Termination "Rhinos1 won by resignation"]

1. d4 Nf6 2. Nf3 g6 3. Nc3 d5 4. Bf4 Bg7 5. e3 c5 6. Nb5 Na6 7. c3 O-O 8. Bd3 Bg4 9. O-O Ne4 10. h3 Bxf3 11. gxf3 Nf6 12. e4 c4 13. Bc2 Qd7 14. a4 Qxh3 15. Be5 Nh5 16. Bxg7 Nf4 0-1

[Event "*** Titled Tuesday Blitz"]
[Site "Chess.com"]
[Date "2020.03.03"]
[Round "3"]
[White "Sven_Tica"]
[Black "GM_dmitrij"]
[Result "0-1"]
[WhiteElo "2661"]
[BlackElo "2832"]
[TimeControl "180+1"]
[EndTime "13:26:40 PST"]
[Termination "GM_dmitrij won by resignation"]

1. d4 Nf6 2. Nf3 e6 3. c4 b6 4. g3 Ba6 5. b3 Bb4+ 6. Bd2 Be7 7.
Bg2 d5 8. Qc2 O-O 9. O-O Nbd7 10. Rd1 Re8 11. Bf4 Rc8 12. Ne5 c5 13. dxc5 Bxc5 14.
Qb2 Nxe5 15. Bxe5 Ng4 16. Bd4 dxc4 17. b4 c3 18. Qc2 Bxd4 19. e3 Nxe3 20. fxe3 Bxe3+ 21.
Kh1 Qxd1+ 22. Qxd1 c2 23. Na3 0-1

[Event "*** Titled Tuesday Blitz"]
[Site "Chess.com"]
[Date "2020.03.03"]
[Round "3"]
[White "Bulldog167"]
[Black "OparinGrigoriy"]
[Result "1/2-1/2"]
[WhiteElo "2756"]
[BlackElo "3018"]
[TimeControl "180+1"]
[EndTime "13:26:47 PST"]
[Termination "Game drawn by repetition"]

1. d4 Nf6 2. c4 e6 3. Nf3 Bb4+ 4.
Bd2 a5 5. g3 O-O 6. Bg2 d5 7.
O-O c6 8. Qc2 Nbd7 9. Rd1 Bd6 10. Bg5 h6 11. Bxf6 Nxf6 12. Nbd2 b5 13. c5 Bc7 14. e4 dxe4 15. Nxe4 Nd5 16. Ne5 Bd7 17. h4 f6 18. Ng6 Rf7 19. Nd6 Bxd6 20. cxd6 Be8 21. Bxd5 cxd5 22. Ne7+ Kh8 23. Ng6+ Kg8 24. Ne7+ Kh8 25. Ng6+ Kg8 1/2-1/2

[Event "*** Titled Tuesday Blitz"]
[Site "Chess.com"]
[Date "2020.03.03"]
[Round "3"]
[White "Aleksandr_Kozak"]
[Black "boasovietica"]
[Result "1-0"]
[WhiteElo "2233"]
[BlackElo "2477"]
[TimeControl "180+1"]
[EndTime "13:26:49 PST"]
[Termination "Aleksandr_Kozak won by resignation"]

1. e4 c5 2. c3 d5 3. exd5 Qxd5 4. d4 Nf6 5. Nf3 cxd4 6. cxd4 g6 7. Nc3 Qd8 8. Bc4 Bg7 9. Ne5 O-O 10. O-O Nc6 11.
Be3 Nxe5 12. dxe5 Ng4 13. e6 f5 14. Qxd8 Rxd8 15. Bc5 Bf6 16. Nd5 Re8 17. Nc7 Nxh2 18. Nxe8 1-0

[Event "*** Titled Tuesday Blitz"]
[Site "Chess.com"]
[Date "2020.03.03"]
[Round "3"]
[White "Karacsonyi_Gellert"]
[Black "karwowskikacper"]
[Result "0-1"]
[WhiteElo "2591"]
[BlackElo "2386"]
[TimeControl "180+1"]
[EndTime "13:26:56 PST"]
[Termination "karwowskikacper won by resignation"]

1. e4 c5 2. Nf3 e6 3. d4 cxd4 4. Nxd4 Nc6 5. Nc3 a6 6. Be3 Qc7 7. a3 Nf6 8. f4 h5 9. e5 Ng4 10.
Bg1 Be7 11. Be2 Nxd4 12. Bxd4 Nh6 13. Bxh5 Nf5 14. Bf3 d5 15. O-O Nxd4 16. Kh1 Nxf3 17.
Qxf3 Bd7 18. f5 O-O-O 19. f6 gxf6 20. b4 Qxe5 21. g3 Bd6 22. Rg1 Qh5 23. Qf2 Bc6 24. b5 axb5 0-1

[Event "*** Titled Tuesday Blitz"]
[Site "Chess.com"]
[Date "2020.03.03"]
[Round "3"]
[White "Terao90"]
[Black "MateusViageiro"]
[Result "0-1"]
[WhiteElo "2367"]
[BlackElo "2197"]
[TimeControl "180+1"]
[EndTime "13:26:58 PST"]
[Termination "MateusViageiro won by resignation"]

1. e4 c5 2. Nf3 d6 3. d4 cxd4 4.
Nxd4 Nf6 5. Nc3 a6 6. Bg5 e6 7. f4 h6 8. Qe2 hxg5 9. fxg5 Ng8 10. g6 fxg6 11. O-O-O Nc6 12. Nf3 Qc7 13. Kb1 Bd7 14. g3 O-O-O 15. h4 Kb8 16. Bh3 Nf6 17. Rhf1 Be7 18. Ng5 Ne5 19. Bxe6 Rc8 20. Nd5 Nxd5 21. exd5 Bxg5 22. hxg5 Bb5 23. Qf2 Bxf1 24. Bxc8 Rxc8 25. Rxf1 Qc5 26. Qd2 Nc4 27. Qd3 Qb5 28. b3 Nd2+ 0-1

[Event "*** Titled Tuesday Blitz"]
[Site "Chess.com"]
[Date "2020.03.03"]
[Round "3"]
[White "ChessBitl"]
[Black "newauto"]
[Result "1-0"]
[WhiteElo "2327"]
[BlackElo "2011"]
[TimeControl "180+1"]
[EndTime "13:26:58 PST"]
[Termination "ChessBitl won by resignation"]

1. e4 c6 2. d4 d5 3. Nd2 dxe4 4. Nxe4 Bf5 5. Ng3 Bg6 6. Nf3 Nd7 7. h4 h6 8. Bd3 Bxd3 9. Qxd3 e6 10. Bf4 Qa5+ 11.
Bd2 Bb4 12. c3 Bd6 13. Ne4 Qc7 14. Nxd6+ Qxd6 15. O-O-O Ngf6 16. Rhe1 c5 17. Be3 cxd4 18. Nxd4 O-O 19. Kb1 Nd5 20. g3 Nxe3 21. Qxe3 Qb6 22. Nxe6 Qxe6 23. Qxe6 fxe6 24. Rxd7 Rxf2 25. Rxe6 Rg2 26.
Rg6 Rf8 27. Rgxg7+ Kh8 28. Rh7+ 1-0

[Event "*** Titled Tuesday Blitz"]
[Site "Chess.com"]
[Date "2020.03.03"]
[Round "3"]
[White "j2806"]
[Black "reigningmvp"]
[Result "1-0"]
[WhiteElo "1987"]
[BlackElo "2292"]
[TimeControl "180+1"]
[EndTime "13:26:59 PST"]
[Termination "j2806 won by resignation"]

1. e4 e5 2. Nf3 Nc6 3. Bb5 a6 4.
Ba4 d6 5. O-O Bd7 6. c3 g6 7. Re1 Bg7 8. d3 Nf6 9. Nbd2 O-O 10. Nf1 Nh5 11. Ng3 Nxg3 12. hxg3 h6 13. Bb3 Na5 14. Bc2 c5 15. Be3 Nc6 16. d4 cxd4 17. cxd4 Rc8 18. Rc1 Bg4 19. d5 Nb8 20. Qd2 Nd7 21. Bxh6 Qf6 22. Bg5 Nc5 23. Bxf6 Bxf6 24.
Qh6 Bg7 25. Qh4 Bxf3 26. gxf3 Nd7 27. Kg2 Bf6 28. Qh3 Kg7 29. Rh1 Rh8 30. Qxd7 1-0

[Event "*** Titled Tuesday Blitz"]
[Site "Chess.com"]
[Date "2020.03.03"]
[Round "3"]
[White "Indianlad"]
[Black "PrinceMurad09"]
[Result "1-0"]
[WhiteElo "2930"]
[BlackElo "2515"]
[TimeControl "180+1"]
[EndTime "13:27:03 PST"]
[Termination "Indianlad won by resignation"]

1. c4 e5 2. Nc3 Nf6 3. Nf3 Nc6 4. a3 a5 5. d4 exd4 6. Nxd4 Bc5 7. Nf3 O-O 8. Bg5 h6 9. Bh4 Be7 10. e3 d6 11. Qc2 Ng4 12. Bg3 Nge5 13. O-O-O Nxf3 14. gxf3 Be6 15. Rg1 Qe8 16. Nd5 Bxd5 17. Rxd5 Bf6 18. f4 Ne7 19. Rh5 Kh8 20. Bd3 c6 21. e4 Ng8 22. e5 dxe5 23. fxe5 Bg5+ 24. f4 Be7 25. Qg2 g6 26. Qh3 gxh5 27. Qf5 1-0

[Event "*** Titled Tuesday Blitz"]
[Site "Chess.com"]
[Date "2020.03.03"]
[Round "3"]
[White "mitrabhaa"]
[Black "Godzillator"]
[Result "1-0"]
[WhiteElo "2633"]
[BlackElo "2398"]
[TimeControl "180+1"]
[EndTime "13:27:18 PST"]
[Termination "mitrabhaa won by checkmate"]

1. Nf3 d5 2. c4 c6 3. cxd5 cxd5 4. d4 Nf6 5. Nc3 a6 6. Bf4 Nc6 7.
e3 Bg4 8. Be2 e6 9. O-O Bd6 10.
Bg5 O-O 11. Rc1 Rc8 12. a3 b5 13. b4 Be7 14. Bxf6 Bxf6 15. Nd2 Bxe2 16. Qxe2 e5 17.
dxe5 Nxe5 18. Rfd1 Re8 19. Nde4 Qb6 20. Nxd5 Qe6 21.
Nexf6+ gxf6 22. Nc7 Rxc7 23. Rxc7 Nc4 24. Rd4 f5 25. h3 Qe5 26. Rcd7 Qf6 27. Qf3 Ne5 28.
Qg3+ Kh8 29. R4d6 Qg7 30. Rd8 Rg8 31. Rxg8+ Kxg8 32. Rd8# 1-0

[Event "*** Titled Tuesday Blitz"]
[Site "Chess.com"]
[Date "2020.03.03"]
[Round "3"]
[White "VladDobrov"]
[Black "Pechen_Yeltsina"]
[Result "1-0"]
[WhiteElo "2950"]
[BlackElo "2719"]
[TimeControl "180+1"]
[EndTime "13:27:19 PST"]
[Termination "VladDobrov won by resignation"]

1. d4 g6 2. e4 Bg7 3. Nc3 d6 4. Bg5 h6 5. Bh4 a6 6. Qd2 b5 7. f4 Bb7 8. Nf3 Nf6 9. Bd3 b4 10. Nd5 Nxd5 11. exd5 Bxd5 12. O-O Nc6 13. Rae1 Qd7 14.
c3 bxc3 15. bxc3 O-O 16. f5 gxf5 17. c4 Bxf3 18. Rxf3 Nxd4 19. Rg3 Kh7 20. Rxe7 Qc6 21. Rxg7+ Kxg7 22. Qf4 Qc5 23. Bf2 Ne6 24. Qg3+ Kf6 25.
Qh4+ Ng5 26. Re1 1-0

[Event "*** Titled Tuesday Blitz"]
[Site "Chess.com"]
[Date "2020.03.03"]
[Round "3"]
[White "metra93"]
[Black "rasmussvane"]
[Result "0-1"]
[WhiteElo "2597"]
[BlackElo "2894"]
[TimeControl "180+1"]
[EndTime "13:27:25 PST"]
[Termination "rasmussvane won by resignation"]

1. d4 d5 2. Nc3 Nf6 3. Bf4 c5 4. Nb5 Qa5+ 5. Nc3 cxd4 6. Qxd4 Nc6 7. Qa4 Qxa4 8. Nxa4 e5 9. Bg5 Ne4 10. Bd2 Nxd2 11.
Kxd2 b5 12. Nc3 d4 13. Nxb5 Rb8 14. e3 a6 15. Nc7+ Kd7 16. Nxa6 Rb6 17. exd4 exd4 18.
b4 Nxb4 19. Nxb4 Bxb4+ 20. Ke2 Re8+ 21. Kf3 Bb7+ 22. Kg3 Rg6+ 23. Kh3 Re5 24. Nf3 Bxf3 0-1

[Event "*** Titled Tuesday Blitz"]
[Site "Chess.com"]
[Date "2020.03.03"]
[Round "3"]
[White "ckgchess"]
[Black "vugarrasulov"]
[Result "0-1"]
[WhiteElo "2694"]
[BlackElo "2890"]
[TimeControl "180+1"]
[EndTime "13:27:40 PST"]
[Termination "vugarrasulov won by resignation"]

1. e4 c5 2. Nf3 d6 3. Bb5+ Nc6 4. O-O Bd7 5. Re1 a6 6. Bc4 Nf6 7. c3 b5 8. Bf1 e5 9. d4 Be7 10. d5 Na7 11. h3 O-O 12. a4 bxa4 13. Bxa6 Nb5 14.
Bb7 Rb8 15. Bc6 Bxc6 16. dxc6 Qc7 17. c4 Na7 18. Qxa4 Nxc6 19. Nc3 Qb7 20. Bg5 Nd4 21. Bxf6 Nxf3+ 22. gxf3 Bxf6 23. Nd5 Qxb2 24. Rab1 Qd2 25. Qd7 Bh4 26. Rf1 Rxb1 27. Rxb1 Qxf2+ 28. Kh1 Qxf3+ 29. Kh2 Bg3+ 30. Kg1 Qf2+ 0-1

[Event "*** Titled Tuesday Blitz"]
[Site "Chess.com"]
[Date "2020.03.03"]
[Round "3"]
[White "x-3738459472"]
[Black "IngOscarArdila"]
[Result "1-0"]
[WhiteElo "2545"]
[BlackElo "2087"]
[TimeControl "180+1"]
[EndTime "13:27:41 PST"]
[Termination "x-3738459472 won by resignation"]

1. d4 Nf6 2. Bf4 g6 3. Nc3 Bg7 4. e4 d6 5. Qd2 O-O 6. Bh6 e5 7. d5 Ng4 8. Bxg7 Kxg7 9. f3 Nf6 10. g4 c6 11. O-O-O cxd5 12. Nxd5 Nxd5 13. Qxd5 Qg5+ 14. Kb1 Rd8 15. h4 Qe7 16. h5 g5 17. h6+ Kg8 18. Ne2 Be6 19. Qd2 Nc6 20. Ng3 f6 21. Nf5 Bxf5 22.
gxf5 Nd4 23. c3 Nc6 24. Bc4+ Kh8 25. Be6 d5 26. Bxd5 a5 27. Qe2 Qc7 28. Qc4 Qb6 29. Bxc6 bxc6 30. Qf7 Qa7 31. Qxf6+ Kg8 32. Rxd8+ 1-0

[Event "*** Titled Tuesday Blitz"]
[Site "Chess.com"]
[Date "2020.03.03"]
[Round "3"]
[White "WeAintSurePal"]
[Black "LarissaSteenbekkers"]
[Result "1-0"]
[WhiteElo "2311"]
[BlackElo "1856"]
[TimeControl "180+1"]
[EndTime "13:27:41 PST"]
[Termination "WeAintSurePal won by resignation"]

1. d4 Nf6 2. Nc3 d5 3. Bf4 a6 4. e3 c5 5. dxc5 e6 6. b4 a5 7. a3 axb4 8. axb4 Rxa1 9. Qxa1 Nc6 10. Bb5 Bd7 11. Qa4 Nh5 12. Nf3 Nxf4 13. exf4 Qf6 14. Ne2 Be7 15. Ne5 g5 16. Nxd7 Kxd7 17. fxg5 Qe5 18.
O-O Rc8 19. c3 Bxg5 20. Nd4 Ke7 21. Bxc6 bxc6 22. Nxc6+ Rxc6 23. Qxc6 Qxc3 24. b5 d4 25. Qd6+ Kf6 26. b6 Qb4 27. h4 Bd2 28. b7 1-0

[Event "*** Titled Tuesday Blitz"]
[Site "Chess.com"]
[Date "2020.03.03"]
[Round "3"]
[White "Dhaydon19"]
[Black "SCIM"]
[Result "0-1"]
[WhiteElo "2725"]
[BlackElo "2487"]
[TimeControl "180+1"]
[EndTime "13:27:44 PST"]
[Termination "SCIM won by resignation"]

1. d4 Nf6 2. Nf3 g6 3. g3 Bg7 4.
Bg2 d5 5. O-O O-O 6. c4 dxc4 7.
Nc3 c6 8. a4 Nbd7 9. Nd2 Nb6 10. a5 Nbd5 11. a6 b5 12. e4 Nb4 13. d5 cxd5 14.
exd5 Bd7 15. b3 Rc8 16. bxc4 bxc4 17. Ba3 Nd3 18. Nxc4 Nxf2 19. Qe2 Nh3+ 20. Bxh3 Bxh3 21. Rfc1 Nxd5 22. Nxd5 Qxd5 23. Bb2 Qc5+ 24. Kh1 Bxb2 25. Qxb2 Qd5+ 26. Kg1 Rxc4 27. Rxc4 Qxc4 0-1

[Event "*** Titled Tuesday Blitz"]
[Site "Chess.com"]
[Date "2020.03.03"]
[Round "3"]
[White "DonPreuss"]
[Black "Vegan4future"]
[Result "1-0"]
[WhiteElo "2199"]
[BlackElo "2531"]
[TimeControl "180+1"]
[EndTime "13:27:46 PST"]
[Termination "DonPreuss won by resignation"]

1. Nc3 Nf6 2. e4 e5 3. f4 d5 4. fxe5 Nxe4 5. Qf3 Nxc3 6. bxc3 Nc6 7. d4 Be6 8. Bd3 Na5 9. Ne2 Be7 10. O-O Qd7 11. a4 O-O-O 12. Ba3 Bxa3 13. Rxa3 g5 14. Raa1 h5 15. Rab1 h4 16. Rb5 b6 17. Rxa5 bxa5 18. Ba6+ Kb8 19. Rb1+ Ka8 20. Bb7+ Kb8 21. Bc6+ Kc8 22. Bxd7+ Rxd7 23. Qd3 Kd8 24. Rb8+ 1-0

[Event "*** Titled Tuesday Blitz"]
[Site "Chess.com"]
[Date "2020.03.03"]
[Round "3"]
[White "rubhani"]
[Black "Bigfish1995"]
[Result "0-1"]
[WhiteElo "2443"]
[BlackElo "3090"]
[TimeControl "180+1"]
[EndTime "13:27:47 PST"]
[Termination "Bigfish1995 won by resignation"]

1. e4 d6 2. d4 Nf6 3. Nc3 g6 4. Nf3 Bg7 5. Be3 O-O 6. Qd2 a6 7. Bh6 b5 8. Bxg7 Kxg7 9. a3 Bb7 10. Bd3 c5 11. dxc5 dxc5 12. e5 Nfd7 13. O-O Bxf3 14.
gxf3 Nxe5 15. Qe3 Nxd3 16. cxd3 Nd7 17. Ne4 Rc8 18. Rac1 Qb6 19. Rc2 c4 20. Rfc1 Qxe3 21. fxe3 Ne5 22. dxc4 Rxc4 23. Kg2 Rfc8 24. Rxc4 Rxc4 25.
Rxc4 Nxc4 26. Nc5 a5 27. a4 bxa4 28. Nxa4 Nxe3+ 29. Kf2 Nd5 30. Nc5 Kf6 31. b3 Nb4 32.
Nb7 Nc6 33. Ke3 Ke5 34. Nc5 Kd5 35. Nd3 e5 36. h4 f5 37. Nf2 Nd4 0-1

[Event "*** Titled Tuesday Blitz"]
[Site "Chess.com"]
[Date "2020.03.03"]
[Round "3"]
[White "Keithonsky"]
[Black "Abund"]
[Result "0-1"]
[WhiteElo "2435"]
[BlackElo "2686"]
[TimeControl "180+1"]
[EndTime "13:27:47 PST"]
[Termination "Abund won by resignation"]

1. d4 Nf6 2. c4 g6 3. Nc3 d5 4. Bg5 Ne4 5. Bf4 Nxc3 6. bxc3 Bg7 7. e3 O-O 8. Nf3 c5 9. cxd5 cxd4 10. cxd4 Qxd5 11.
Be2 Qa5+ 12. Qd2 Qxd2+ 13. Nxd2 Nc6 14. O-O e5 15. dxe5 Nxe5 16. Rac1 Be6 17. Nb3 Rac8 18. h3 Rfd8 19. Rfd1 Rxd1+ 20. Rxd1 h6 21. Rc1 Rxc1+ 22. Nxc1 Nc6 23. a3 g5 24. Bd6 Na5 25. Nd3 Nc4 26.
Be7 b6 27. Nb4 a5 28. Nc6 Bd5 29. Nd4 Bf8 30. Nf5 Nxa3 31. Bxf8 Kxf8 32. Nxh6 b5 33. Nf5 b4 34. Nd4 b3 35. Bd3 b2 36. Kf1 Bc4 0-1

[Event "*** Titled Tuesday Blitz"]
[Site "Chess.com"]
[Date "2020.03.03"]
[Round "3"]
[White "chegueps"]
[Black "DACF2905"]
[Result "0-1"]
[WhiteElo "2446"]
[BlackElo "2216"]
[TimeControl "180+1"]
[EndTime "13:27:52 PST"]
[Termination "DACF2905 won by resignation"]

1. b3 c5 2. Bb2 b6 3. Nf3 Bb7 4. e3 Nf6 5. Be2 e6 6. O-O Be7 7. d3 O-O 8. Nbd2 d5 9. e4 d4 10.
Ne5 Nbd7 11. Nxd7 Nxd7 12. f4 e5 13. g3 Bd6 14. Nc4 Qc7 15. Nxd6 Qxd6 16. f5 f6 17. g4 b5 18. h4 a5 19. a4 b4 20. Kh2 Kh8 21. Rg1 c4 22. bxc4 Nc5 23. Bf3 Bc6 24.
Rg3 Nxa4 25. Bc1 Nc3 26. Qg1 a4 27. g5 b3 28. Ba3 Qxa3 29. Rxa3 b2 30. Rxc3 dxc3 31.
Qb1 a3 32. Rg1 a2 0-1

[Event "*** Titled Tuesday Blitz"]
[Site "Chess.com"]
[Date "2020.03.03"]
[Round "3"]
[White "elisak43"]
[Black "2165149677570"]
[Result "1-0"]
[WhiteElo "2516"]
[BlackElo "2233"]
[TimeControl "180+1"]
[EndTime "13:27:55 PST"]
[Termination "elisak43 won by resignation"]

1. Nf3 c5 2. g3 Nc6 3. Bg2 g6 4. O-O Bg7 5. c4 e5 6. Nc3 Nge7 7. d3 O-O 8. Bd2 d6 9. Nd5 Nxd5 10. cxd5 Ne7 11. Qb3 h6 12. Rfc1 b6 13.
Bc3 f5 14. Nxe5 Kh7 15. Nc6 Qe8 16. Bxg7 Kxg7 17. Qc3+ Kh7 18. b4 Nxc6 19. dxc6 Be6 20. b5 d5 21. Qe5 Bf7 22. Qd6 Rd8 23. Qc7 Qxe2 24. Qxa7 Qxd3 25. c7 Rd6 26. c8=Q Rxc8 27.
Qxf7+ Kh8 28. Re1 1-0

[Event "*** Titled Tuesday Blitz"]
[Site "Chess.com"]
[Date "2020.03.03"]
[Round "3"]
[White "WanderingPuppet"]
[Black "Megagigahiper3345"]
[Result "0-1"]
[WhiteElo "2386"]
[BlackElo "2110"]
[TimeControl "180+1"]
[EndTime "13:27:57 PST"]
[Termination "Megagigahiper3345 won by resignation"]

1. e4 c5 2. Nf3 g6 3. d4 cxd4 4.
Qxd4 Nf6 5. Nc3 Nc6 6. Qa4 d6 7. e5 dxe5 8. Nxe5 Bd7 9. Nxd7 Qxd7 10. Bd2 Bg7 11. O-O-O Qc7 12. Bf4 Qc8 13. h4 O-O 14. Be2 a6 15. h5 b5 16. Qb3 e5 17. Be3 Nd4 18. Bxd4 exd4 19. Rxd4 Nxh5 20. Nd5 Re8 21. Bxh5 Bxd4 22. Bxg6 hxg6 0-1

[Event "*** Titled Tuesday Blitz"]
[Site "Chess.com"]
[Date "2020.03.03"]
[Round "3"]
[White "DanielDardha2005"]
[Black "davserr65"]
[Result "1-0"]
[WhiteElo "2678"]
[BlackElo "2069"]
[TimeControl "180+1"]
[EndTime "13:28:00 PST"]
[Termination "DanielDardha2005 won by resignation"]

1. Nf3 Nf6 2. c4 c5 3. d4 cxd4 4. Nxd4 e5 5. Nb5 d5 6. cxd5 Bc5 7. g3 O-O 8. N5c3 e4 9. Bg2 Bf5 10. O-O h6 11. Be3 Bxe3 12. fxe3 Bg6 13. Na3 Nbd7 14. Qd4 Re8 15. Nc4 Qe7 16. Rad1 b6 17. Nb5 Nc5 18. d6 Qd7 19. Rxf6 gxf6 20. Nc7 Ne6 21.
Nxe8 Rxe8 22. Qxf6 Nc5 23. b4 Ne6 24. Ne5 Qd8 25. d7 1-0

[Event "*** Titled Tuesday Blitz"]
[Site "Chess.com"]
[Date "2020.03.03"]
[Round "3"]
[White "HomayoonTofighi"]
[Black "floplover"]
[Result "1-0"]
[WhiteElo "2601"]
[BlackElo "2355"]
[TimeControl "180+1"]
[EndTime "13:28:02 PST"]
[Termination "HomayoonTofighi won by resignation"]

1. e4 c6 2. Nf3 d5 3. Nc3 Nf6 4. e5 Ne4 5. Ne2 Qb6 6. d4 e6 7. Ng3 c5 8. c3 Nc6 9. Nxe4 dxe4 10. Ng5 cxd4 11. Nxe4 dxc3 12. bxc3 Nxe5 13. Bf4 Ng6 14. Rb1 Qa5 15. Bb5+ Qxb5 16. Rxb5 Nxf4 17. Nd6+ Bxd6 18. Qxd6 Nd5 19. c4 Ne7 20. O-O f6 21. Rc5 Kf7 22.
Rc7 Re8 23. f4 a5 24. Rb1 Ra6 25. Rb6 Rxb6 26. Qxb6 Kg8 27. Qxa5 Nc6 28. Qc5 Rd8 29. h3 h6 30. a4 e5 31. fxe5 fxe5 32. a5 1-0

[Event "*** Titled Tuesday Blitz"]
[Site "Chess.com"]
[Date "2020.03.03"]
[Round "3"]
[White "pedromartinez91"]
[Black "norwaytoadog"]
[Result "1-0"]
[WhiteElo "2561"]
[BlackElo "2274"]
[TimeControl "180+1"]
[EndTime "13:28:08 PST"]
[Termination "pedromartinez91 won by resignation"]

1. e4 e5 2. Nf3 Nc6 3. Bb5 a6 4. Ba4 Nf6 5. Bxc6 dxc6 6. d3 Bc5 7. Be3 Qe7 8. Bxc5 Qxc5 9. Nbd2 O-O 10. h3 Nd7 11. O-O Qe7 12. Nc4 f6 13. a4 a5 14.
Nh4 Nc5 15. Qd2 Be6 16. Nxa5 Rab8 17. b4 Nd7 18. c3 g6 19. f4 f5 20. exf5 gxf5 21.
Nf3 c5 22. Nxe5 cxb4 23. cxb4 Qxb4 24. Qxb4 1-0

[Event "*** Titled Tuesday Blitz"]
[Site "Chess.com"]
[Date "2020.03.03"]
[Round "3"]
[White "ZEN-22"]
[Black "SHIVACalypso"]
[Result "1-0"]
[WhiteElo "2381"]
[BlackElo "2178"]
[TimeControl "180+1"]
[EndTime "13:28:15 PST"]
[Termination "ZEN-22 won by checkmate"]

1. e3 e6 2. Ne2 Nf6 3. d4 d5 4. c4 dxc4 5. Nf4 c5 6. Bxc4 cxd4 7.
O-O Nc6 8. exd4 Qxd4 9. Qe2 Be7 10. Rd1 Qe5 11. Be3 O-O 12. Nc3 a6 13. a3 b5 14.
Nd3 Qc7 15. Ba2 Bb7 16. Nc5 Rfd8 17. Nxb7 Qxb7 18. Qf3 Na5 19. Qh3 Nc4 20. Bg5 Nxb2 21. Re1 Nd3 22. Re3 Rac8 23. Rxd3 Rxd3 24. Qxd3 Rxc3 25.
Qxc3 Ne4 26. Qe5 Nxg5 27. Rc1 Bf6 28. Qc7 Qxc7 29. Rxc7 h6 30. Ra7 Bb2 31. Rxa6 Ne4 32. Bb1 Nc3 33. Ra8# 1-0

[Event "*** Titled Tuesday Blitz"]
[Site "Chess.com"]
[Date "2020.03.03"]
[Round "3"]
[White "Tjktiger"]
[Black "vpantev"]
[Result "1-0"]
[WhiteElo "2817"]
[BlackElo "2632"]
[TimeControl "180+1"]
[EndTime "13:28:39 PST"]
[Termination "Tjktiger won by resignation"]

1. c4 Nf6 2. Nc3 c5 3. g3 Nc6 4. Bg2 e6 5. Nf3 Be7 6. O-O d6 7. d4 cxd4 8. Nxd4 Bd7 9. b3 a6 10. Bb2 O-O 11. e3 Rc8 12. Rc1 Qb6 13. Nde2 Rfd8 14.
Qd2 h6 15. Rfd1 Qa7 16. h3 Qb8 17. Nf4 b5 18. cxb5 axb5 19. Kh2 Ne5 20. Nd3 Nxd3 21. Qxd3 Bc6 22. Bxc6 Rxc6 23. Qxb5 Rb6 24. Qa5 d5 25.
Na4 Rb7 26. Qa6 Ne4 27. Kg2 Bd6 28. Qe2 Ra7 29. Bd4 Ra6 30. Qxa6 Bxg3 31. Qb6 1-0

[Event "*** Titled Tuesday Blitz"]
[Site "Chess.com"]
[Date "2020.03.03"]
[Round "3"]
[White "JonahWillow"]
[Black "PowerThinking2650"]
[Result "1-0"]
[WhiteElo "2631"]
[BlackElo "2396"]
[TimeControl "180+1"]
[EndTime "13:28:39 PST"]
[Termination "JonahWillow won by resignation"]

1. e4 e5 2. Nf3 Nc6 3. Nc3 Nf6 4. Bb5 Bb4 5. O-O O-O 6. d3 d6 7. Bg5 Bxc3 8. bxc3 Qe7 9. Re1 Nd8 10. d4 Ne6 11. Bc1 c5 12. Bd3 Qc7 13. d5 Nd8 14. Nd2 Bd7 15. a4 h6 16. Nc4 b6 17. g3 Bg4 18. f3 Bd7 19. f4 Bg4 20. Be2 Bxe2 21.
Qxe2 Nd7 22. Qf3 f6 23. Bd2 Nf7 24. Kg2 a6 25. Rab1 Rfb8 26. Na3 c4 27. Qe2 b5 28. Rb4 Qc5 29. Reb1 exf4 30. gxf4 f5 31. axb5 axb5 32. Nxb5 fxe4 33. Qxc4 Qxc4 34. Rxc4 Nb6 35. Rd4 Nd7 36. Rxe4 Nf6 37. Rd4 Ra5 38. c4 Rc8 39. Bxa5 1-0

[Event "*** Titled Tuesday Blitz"]
[Site "Chess.com"]
[Date "2020.03.03"]
[Round "3"]
[White "czasnaszachy"]
[Black "kleopl"]
[Result "1-0"]
[WhiteElo "2265"]
[BlackElo "2468"]
[TimeControl "180+1"]
[EndTime "13:28:40 PST"]
[Termination "czasnaszachy won by resignation"]

1. e4 c6 2. d4 d5 3. Nd2 h6 4. c3 dxe4 5. Nxe4 Bf5 6. Bd3 e6 7. Ne2 Nd7 8. N2g3 Bh7 9. Bf4 Nb6 10. O-O Nd5 11. Nh5 g6 12. Be5 f6 13. Bg3 gxh5 14. Qxh5+ Kd7 15. Rfe1 Qe8 16. Qh3 Bf5 17. Nc5+ Bxc5 18.
Bxf5 exf5 19. Rxe8 Rxe8 20. Qxf5+ Kd8 21. dxc5 Nge7 22. Qd3 Kc8 23. c4 Nb4 24. Qd6 Na6 25. Qe6+ Kd8 26. Rd1+ Nd5 27. Qxf6+ Kc8 28. cxd5 Rhf8 29.
Qxh6 cxd5 30. c6 Rf7 31. Qh3+ Kd8 32. Rxd5+ Ke7 33. Rd7+ Kf6 34. Qh6+ 1-0